 Dungeon Crawl Stone Soup version 0.29.1-12-g30fa7ad0bf (webtiles) character file.

Game seed: 3935886561029362109

490645 FexLirch the Wrestler (level 23, -19/215 HPs)
             Began as a Troll Warper on Jan 5, 2023.
             Was the Champion of Hepliaklqana.
             Killed from afar by a white draconian stormcaller (21 damage)
             ... with a blast of cold
             ... led by a purple draconian shifter
             ... on level 2 of the Realm of Zot on Jan 6, 2023.
             The game lasted 05:04:58 (46531 turns).

FexLirch the Wrestler (Troll Warper)               Turns: 46531, Time: 05:04:58

Health: -19/215    AC: 26    Str: 25    XL:     23   Next: 58%
Magic:  4/30       EV:  6    Int: 19    God:    Hepliaklqana [******]
Gold:   2272       SH:  0    Dex:  9    Spells: 12/38 levels left

rFire   + . .      SeeInvis .     - Unarmed
rCold   + . .      Faith    .   U - orb {light}
rNeg    + . .      Spirit   .   b - +3 gold dragon scales
rPois   +          Reflect  .   R - +2 hat {Will+}
rElec   +          Harm     +   E - scarf {harm}
rCorr   +          Rampage  .   (gloves unavailable)
Will    +++..      Rnd*Tele +   (boots unavailable)
Stlth   ..........              T - amulet of magic regeneration
HPRegen 1.25/turn               f - ring "Etugad" {Contam rPois Will+ rCorr Int+2}
MPRegen 0.62/turn               B - ring "Zahipn" {Fly rElec rN+}

@: flying, contaminated, slowed, glowing, studying 2 skills, very slow
A: reduced essence, large, unfitting armour, claws 3, regeneration 1, shaggy fur
1, tough skin 1, low MP 1, teleportitis 1, subdued magic 1
}: 3/15 runes: decaying, abyssal, gossamer
a: Renounce Religion, Recall Ancestor, Ancestor Identity, Transference, Idealise


You were on level 2 of the Realm of Zot.
You worshipped Hepliaklqana.
Hepliaklqana was exalted by your worship.
You visited 11 branches of the dungeon, and saw 45 of its levels.
You visited the Abyss 1 time.

You collected 4926 gold pieces.
You spent 2654 gold pieces at shops.

Inventory:

Missiles
 c - 8 boomerangs of dispersal
 y - 27 boomerangs
 P - 87 large rocks
Armour
 a - +11 shadow dragon scales
 b - +3 gold dragon scales (worn)
 E - a scarf of harm (worn)
 L - a +2 robe of willpower
 O - a +0 tower shield
 R - a +2 hat of willpower (worn)
 U - an orb of light (worn)
Jewellery
 d - a ring of protection from cold
 f - the ring "Etugad" (left claw) {Contam rPois Will+ rCorr Int+2}
   (You found it on level 2 of the Lair of Beasts)

   [ring of poison resistance]

   Int:       It affects your intelligence (+2).
   rPois:     It protects you from poison.
   Contam:    It causes magical contamination when unequipped.
   rCorr:     It protects you from acid and corrosion.
   Will:      It increases your willpower.
 j - a ring of see invisible
 q - a ring of protection from fire
 t - the ring of Suafaa {*Corrode rF+ MP+9 Str+4 Int+8}
   (You found it on level 3 of the Dungeon)

   [ring of magical power]

   Str:       It affects your strength (+4).
   Int:       It affects your intelligence (+8).
   rF:        It protects you from fire.
   MP:        It affects your magic capacity (+9).
   *Corrode:  It may corrode you when you take damage.
 x - a ring of fire
 B - the ring "Zahipn" (right claw) {Fly rElec rN+}
   (You found it on level 4 of the Dungeon)

   [ring of flight]

   rElec:     It insulates you from electricity.
   rN:        It protects you from negative energy.
   Fly:       It grants you flight.
 F - a ring of magical power
 T - an amulet of magic regeneration (around neck)
Wands
 p - a wand of digging (18)
 D - a wand of quicksilver (41)
 Q - a wand of flame (75)
 Y - a wand of iceblast (20)
 Z - a wand of mindburst (36)
Scrolls
 k - 8 scrolls of teleportation
 m - 8 scrolls of noise
 n - 5 scrolls of immolation
 o - 6 scrolls of magic mapping
 G - 9 scrolls of fear
 H - 8 scrolls of poison
 I - 5 scrolls of silence
 W - 5 scrolls of torment
 X - 3 scrolls of summoning
Potions
 h - a potion of cancellation
 i - 7 potions of haste
 l - 4 potions of lignification
 r - 9 potions of brilliance
 u - 10 potions of curing
 v - 6 potions of mutation
 w - 3 potions of resistance
 z - 8 potions of attraction
 A - 2 potions of might
 J - 5 potions of ambrosia
 M - a potion of berserk rage
 N - 2 potions of heal wounds
 S - 6 potions of magic
Miscellaneous
 C - a lightning rod (4/4)
 K - a phantom mirror
 V - a box of beasts


   Skills:
 + Level 16.0 Fighting
 + Level 6.4 Throwing
 * Level 13.0 Armour
 - Level 12.4 Dodging
 + Level 23.1 Unarmed Combat
 - Level 8.0 Spellcasting
 - Level 5.4 Summonings
 + Level 14.9 Translocations
 - Level 9.2 Invocations


You had 12 spell levels left.
You knew the following spells:

 Your Spells              Type           Power      Damage    Failure   Level
a - Blink                 Tloc           98%        N/A       1%          2
b - Apportation           Tloc           98%        N/A       1%          1
c - Manifold Assault      Tloc           49%        N/A       16%         5
d - Summon Forest         Summ/Tloc      17%        N/A       73%         5
e - Dispersal             Tloc           24%        N/A       67%         6
f - Passage of Golubria   Tloc           49%        N/A       5%          4
g - Portal Projectile     Hex/Tloc       54%        N/A       34%         3

Your spell library contained the following spells:

 Spells                   Type           Power      Damage    Failure   Level
 Gell's Gravitas          Tloc           49%        N/A       1%          3
 Lesser Beckoning         Tloc           49%        N/A       1%          3
 Teleport Other           Tloc           49%        N/A       1%          3
 Summon Small Mammal      Summ           84%        N/A       28%         1
 Call Imp                 Summ           21%        N/A       38%         2
 Call Canine Familiar     Summ           21%        N/A       63%         3
 Iskenderun's Mystic Bla  Conj/Tloc      27%        2d7       77%         4
 Foxfire                  Conj/Fire      20%        2x1d5     95%         1
 Magic Dart               Conj           20%        1d4       95%         1
 Necrotise                Necr           20%        1d5       95%         1
 Summon Guardian Golem    Hex/Summ       13%        N/A       95%         3
 Scorch                   Fire           10%        2d6       99%         2
 Static Discharge         Conj/Air       5%         3-4/arc   99%         2
 Conjure Flame            Conj/Fire      5%         6-21      100%        3
 Dazzling Flash           Conj/Hex       10%        N/A       100%        3
 Ignite Poison            Fire/Tmut/Pois 5%         N/A       100%        3
 Inner Flame              Hex/Fire       5%         N/A       100%        3
 Mephitic Cloud           Conj/Pois/Air  5%         N/A       100%        3
 Ozocubu's Armour         Ice            5%         N/A       100%        3
 Tukima's Dance           Hex            5%         N/A       100%        3
 Anguish                  Hex/Necr       2%         N/A       100%        4
 Animate Dead             Necr           5%         N/A       100%        4
 Flame Wave               Conj/Fire      5%         2d5       100%        4
 Leda's Liquefaction      Hex/Erth       2%         N/A       100%        4
 Sticky Flame             Conj/Fire      5%         2d3       100%        4
 Summon Ice Beast         Ice/Summ       13%        N/A       100%        4
 Fireball                 Conj/Fire      2%         3d4       100%        5
 Lightning Bolt           Conj/Air       2%         1d14      100%        5
 Summon Mana Viper        Hex/Summ       13%        N/A       100%        5
 Yara's Violent Unravell  Hex/Tmut       2%         3d3       100%        5
 Starburst                Conj/Fire      2%         6d3       100%        6
 Summon Cactus Giant      Summ           10%        N/A       100%        6
 Enfeeble                 Hex            2%         N/A       100%        7
 Haunt                    Necr/Summ      6%         N/A       100%        7
 Monstrous Menagerie      Summ           10%        N/A       100%        7
 Ozocubu's Refrigeration  Ice            2%         4d8       100%        7
 Disjunction              Tloc           24%        N/A       100%        8
 Infestation              Necr           2%         N/A       100%        8
 Maxwell's Capacitive Co  Air            2%         ∞         100%        8
 Death's Door             Necr           2%         N/A       100%        9
 Fire Storm               Conj/Fire      2%         8d1       100%        9


Dungeon Overview and Level Annotations

Branches:
Dungeon (15/15)            Temple (1/1) D:7            Lair (5/5) D:9
  Swamp (4/4) Lair:3       Spider (4/4) Lair:2        Slime (0/5) Lair:4
    Orc (2/2) D:10            Elf (1/3) Orc:2        Vaults (4/5) D:13
  Crypt (3/3) Vaults:3     Depths (4/4) D:15            Zot (2/5) Depths:4
   Tomb: Crypt:3

Altars:
Ashenzari
Cheibriados
Dithmenos
Elyvilon
Fedhas
Gozag
Hepliaklqana
Kikubaaqudgha
Makhleb
Nemelex Xobeh
Okawaru
Qazlal
Ru
Sif Muna
Trog
Uskayaw
Vehumet
Wu Jian
Xom
Yredelemnul
Zin
The Shining One
Jiyva

Shops:
D:4 *   D:7 *   D:9 (   Orc:1 *   Orc:2 *[![   Vaults:1 [   Vaults:2 ?
Vaults:3 [[[!   Depths:1 :

Portals:
Hell: Depths:1 Depths:2 Depths:3 Depths:4
Abyss: Depths:1 Depths:3 Depths:4
Pandemonium: Depths:2 Depths:3
Ziggurat: Depths:3

Annotations:
D:15 Roxanne
Lair:3 1 runed translucent door, KevinSullivan's ghost, journeyman DsGl
Orc:2 exclusion: upstairs
Crypt:3 Josephina


Innate Abilities, Weirdness & Mutations

Your life essence is reduced to manifest your ancestor. (-10% HP)
You are too large for most types of armour.
You have claws for hands.
Your natural rate of healing is unusually fast.
You are covered in fur. (AC +1)
You have tough skin. (AC +1)
Your magical capacity is low. (-10% MP)
You are occasionally teleported next to monsters.
Your spells are a little easier to cast, but a little less powerful.


Message History

* * * LOW HITPOINT WARNING * * *
The purple draconian shifter casts a spell at you.
The purple draconian shifter blinks!
The black draconian knight blinks!
The black draconian blinks!
The moth of wrath blinks!
The white draconian stormcaller blinks!
The green draconian blinks!
Casting: Blink (safe; 1% risk of failure)
Confirm with . or Enter, or press ? or * to list all spells.
You blink.
The death cob hits you but does no damage.
The electric golem blinks!
The moth of wrath is engulfed in poison gas.
The moth of wrath is poisoned.
The death cob closely misses you.
You hear some strange, mumbled words.
The white draconian stormcaller is engulfed in poison gas.
The white draconian stormcaller is poisoned.
The purple draconian shifter mumbles some strange words.
The purple draconian shifter blinks!
The purple draconian shifter is engulfed in poison gas.
The purple draconian shifter is poisoned.
The black draconian is engulfed in poison gas.
The black draconian is poisoned.
The death cob hits you but does no damage.
The electric golem blinks!
The purple draconian shifter casts a spell.
The purple draconian shifter blinks!
The black draconian looks even sicker.
As you read the scroll of fear, it crumbles to dust.
You assume a fearsome visage.
The death cob is unaffected.
The purple draconian shifter looks frightened!
The black draconian knight looks frightened!
The green draconian looks frightened!
The black draconian looks frightened!
The white draconian stormcaller seems to regain its courage.
The death cob hits you but does no damage. x2
The moth of wrath goads the black draconian on!
The black draconian goes berserk!
The death cob hits you.
* * * LOW HITPOINT WARNING * * *
The purple draconian shifter casts a spell.
The purple draconian shifter blinks!
The white draconian stormcaller breathes frost at you.
The blast of cold hits you!! You resist.
You die...

**** *****,~~~ ******,,*
*,,,+,~~~ **,,,,,,,*
*,***,~~~ *,,*****,* *,*
*,~~~ *,** ###+#######
*,***,,,, *,* #.....§§§§#
*,*,,,,,, *,* #....§§§§§#
*,+,,,,,, *,* #q...§§§§§#
***,*,,,,,, *,* #...q§@§§§#
*,,,*,,,,,, *,*
#...§zy.§§#**,*,#......
**.####.°.d....?+,,,,,#......
*,....'.{.d.....#**,**#..○...
*,....#.°...§...# *,* #...○..
**#**,#.........# *,* #....○.
*****,##..○...###**,**#.....z
*,,,,,,#......+,,,,,,*#......
*,*,,,,+......#,****,*#.<....


You could see a black draconian (berserk, very poisoned), a green draconian
(fleeing), a purple draconian shifter (fleeing, poisoned), a death cob, a white
draconian stormcaller (poisoned, catching breath) and a moth of wrath
(poisoned).

Vanquished Creatures
  A dread lich (Vaults:4)
  4 juggernauts
  3 caustic shrikes
  A golden dragon (Depths:4)
  A bone dragon (Depths:4)
  An electric golem (Zot:2)
  Arachne (Spider:4)
  Mlioglotl (Spider:4)
  A tentacled monstrosity (Zot:1)
  A lich (Depths:2)
  2 quicksilver dragons (Zot:1)
  A titan (Depths:3)
  2 ancient champions
  A tentacled starspawn (Abyss:3)
  3 sphinxes
  Agnes (D:15)
  A shadow dragon (Depths:2)
  A draconian monk (Zot:2)
  2 tengu reavers
  A revenant (Crypt:1)
  4 fenstrider witches (Swamp:3)
  An azure jelly (Swamp:4)
  A thorn hunter (Swamp:4)
  4 fire giants
  A frost giant (Depths:2)
  2 emperor scorpions
  An iron dragon (Depths:3)
  2 orc warlords (Vaults:3)
  10 vault wardens
  A balrug (Depths:2)
  A caustic shrike zombie (Depths:3)
  A draconian shifter (Abyss:3)
  A draconian stormcaller (Depths:4)
  A ghost moth (Spider:1)
  4 ghouls
  16 ironbound preservers
  11 stone giants
  3 war gargoyles
  A broodmother (Spider:4)
  A caustic shrike skeleton (Crypt:2)
  6 ironbound thunderhulks
  A green draconian (Depths:4)
  2 vampire knights
  9 very ugly things
  2 black draconians (Depths:4)
  5 spark wasps
  A deep elf demonologist (Vaults:4)
  11 dire elephants
  2 entropy weavers
  2 bunyips
  4 eleionomae
  3 yellow draconians (Depths:4)
  A deep elf annihilator (Elf:1)
  A red draconian (Zot:2)
  A white draconian (Depths:4)
  3 crystal guardians
  3 ettins
  Snorg (Lair:4)
  2 eidola (Crypt:2)
  3 deep elf death magi
  6 fire dragons
  6 jiangshi
  4 yaktaur captains
  7 great orbs of eyes
  5 peacekeepers
  7 ice dragons
  5 rakshasas
  3 catoblepae
  A shambling mangrove (Swamp:3)
  7 vault guards
  7 boulder beetles
  5 ironbound frosthearts
  6 hydras
  9 two-headed ogres
  A ghost crab (Swamp:4)
  9 centaur warriors
  3 radroaches
  2 spriggan air magi
  2 death knights
  An ogre mage (D:15)
  4 tengu warriors
  10 alligators
  6 death yaks
  5 deep troll earth magi
  4 deep troll shamans
  A death yak (shapeshifter) (Depths:2)
  2 vampire magi
  4 orc high priests
  10 spriggan berserkers
  2 sun demons (Depths:3)
  An emperor scorpion zombie (Crypt:1)
  2 thrashing horrors
  2 deep elf knights (Elf:1)
  Sonja (D:13)
  A hell knight (Depths:2)
  2 soul eaters
  A spatial maelstrom (Abyss:3)
  2 sun moths
  8 iron trolls
  A glowing orange brain (shapeshifter) (Depths:2)
  4 pharaoh ants
  A spriggan druid (Swamp:2)
  9 orb spiders (Spider:4)
  16 skeletal warriors
  A death drake (shapeshifter) (Elf:1)
  2 goliath frogs
  5 flayed ghosts
  3 deep elf archers (Elf:1)
  63 deep trolls
  6 steelbarb worms
  A tengu zombie (Vaults:3)
  A glowing orange brain (Depths:4)
  3 swamp dragons
  6 bog bodies
  6 necromancers
  3 deep elf pyromancers (Elf:1)
  2 phantasmal warriors (Crypt:1)
  7 harpies
  14 ironbound convokers
  10 lindwurms
  A golden dragon skeleton (Depths:3)
  5 orc knights
  3 orc sorcerers (Orc:2)
  4 wizards
  9 deep elf zephyrmancers (Elf:1)
  6 ugly things
  4 large abominations (Abyss:3)
  13 wolf spiders
  A spectral ettin (Crypt:3)
  A fire giant zombie (Vaults:3)
  5 cyclopes
  4 manticores
  A worldbinder (Abyss:3)
  A will-o-the-wisp (Swamp:3)
  A salamander (shapeshifter) (Depths:4)
  10 moths of wrath
  2 naga magi (D:15)
  11 elephants
  A stone giant skeleton (Vaults:3)
  4 torpor snails
  9 vault sentinels
  A gargoyle (D:13)
  A yaktaur zombie (Vaults:3)
  A dire elephant skeleton (Crypt:1)
  2 black mambas
  An orange demon (Depths:3)
  10 cane toads
  6 swamp worm zombies (Crypt:1)
  A centaur skeleton (D:15)
  3 tengu conjurers
  An unseen horror (D:12)
  10 komodo dragons
  33 yaktaurs
  6 rime drakes
  4 demonic crawlers
  An ancient zyme (Abyss:1)
  2 ice devils
  4 freezing wraiths
  3 hellwings
  5 kobold demonologists
  6 trolls
  4 bloated husks
  4 meliai
  3 tyrant leeches (Swamp:1)
  3 polar bears
  3 raiju (Abyss:3)
  An iron troll skeleton (Crypt:1)
  An iron dragon simulacrum (Crypt:3)
  A human skeleton (Vaults:3)
  11 hornets
  A satyr zombie (Crypt:1)
  10 dream sheep
  30 tarantellas
  15 blink frogs
  A meliai zombie (D:15)
  8 spriggans
  4 slime creatures
  10 jumping spiders
  5 shadows
  An ettin skeleton (Crypt:2)
  3 starcursed masses (Abyss:3)
  35 flying skulls (Crypt:3)
  5 wyverns
  2 fire bats
  6 vampires
  15 culicivoras
  9 wraiths
  3 ynoxinuls
  47 yaks
  2 basilisks
  A neqoxec (Depths:2)
  35 redbacks
  A redback simulacrum (D:15)
  2 chaos spawn
  5 swamp worm simulacra (Swamp:4)
  5 vampire mosquitoes
  Edmund (D:6)
  A naga (D:9)
  A fire bat zombie (Crypt:2)
  11 hydra simulacra (Swamp:4)
  A harpy simulacrum (Crypt:3)
  13 swamp worms
  17 water moccasins
  2 acid dragons
  4 black bears
  An ice beast (D:15)
  A swamp drake (Lair:5)
  29 orc warriors
  19 centaurs
  2 wolves
  4 ogres
  2 phantoms
  6 kobold brigands
  A nameless horror (Swamp:4)
  A naga simulacrum (Crypt:3)
  A scorpion (shapeshifter) (Depths:2)
  10 bullfrogs
  6 scorpions
  2 necrophages (Crypt:2)
  6 wights
  9 killer bees
  3 howler monkeys (D:13)
  4 electric eels
  5 hounds
  19 orc priests
  2 jellies
  7 iguanas
  4 hell rats (Lair:4)
  21 orc wizards
  A boggart skeleton (D:15)
  A deep dwarf zombie (Crypt:2)
  7 ogre zombies (D:10)
  3 gnolls (D:5)
  8 adders
  A white imp (D:8)
  2 ufetubi
  A swamp drake simulacrum (Swamp:4)
  A worm (D:2)
  48 orcs
  2 bat skeletons
  6 endoplasms
  4 giant cockroaches
  6 hobgoblins
  31 kobolds
  9 quokkas
  5 ball pythons
  11 bats
  A dart slug zombie (Crypt:1)
  4 frilled lizards
  A frilled lizard zombie (Crypt:2)
  12 goblins
  2 goblin skeletons (D:10)
  A hobgoblin skeleton (D:10)
  A jackal zombie (Crypt:2)
  3 orc skeletons (D:10)
  12 orc zombies (D:10)
  6 rats
  2 starspawn tentacles (Abyss:3)
1385 creatures vanquished.

Vanquished Creatures (collateral kills)
  Boris (Depths:4)
  3 caustic shrikes (Depths:4)
  A golden dragon (Zot:2)
  A bone dragon (Depths:4)
  3 tentacled monstrosities
  A walking crystal tome (Depths:2)
  A hellephant (Abyss:3)
  A walking earthen tome (Depths:3)
  An ancient champion (Crypt:3)
  Frances (Swamp:1)
  2 tentacled starspawn (Abyss:3)
  2 sphinxes
  2 shadow dragons
  Aizul (Swamp:3)
  A fenstrider witch (Swamp:3)
  A balrug (Depths:3)
  An iron dragon (Depths:3)
  An emperor scorpion (Spider:4)
  A draconian shifter (Zot:2)
  3 vault wardens
  2 frost giants (Depths:2)
  A curse skull (Crypt:1)
  A draconian annihilator (Zot:2)
  A war gargoyle (Vaults:3)
  2 ghouls (Crypt:2)
  4 broodmothers
  10 ironbound preservers
  4 ironbound thunderhulks
  4 stone giants
  Nessos (D:15)
  7 very ugly things
  The ghost of mortz the Unseen, a journeyman KoCj of Dithmenos (Orc:2)
  A vampire knight (Depths:3)
  A yellow draconian (Zot:1)
  A black draconian (Depths:4)
  2 eleionomae
  3 spark wasps
  5 entropy weavers
  A white draconian (Depths:4)
  6 dire elephants
  An eidolon (Crypt:2)
  A deep elf death mage (Crypt:2)
  2 fire dragons
  5 jiangshi
  5 ettins
  A great orb of eyes (Vaults:4)
  A shambling mangrove (Swamp:4)
  4 yaktaur captains
  3 vault guards
  A spriggan zombie (Depths:3)
  An ice dragon (shapeshifter) (Depths:3)
  2 ice dragons
  A ghost crab (Swamp:3)
  5 hydras
  A peacekeeper (Vaults:4)
  A catoblepas (Lair:5)
  2 ironbound frosthearts
  An ogre mage (D:13)
  2 two-headed ogres (D:15)
  A death knight (Crypt:1)
  2 deep troll shamans
  3 alligators (Swamp:3)
  4 deep troll earth magi
  3 death yaks (Lair:3)
  5 tengu warriors
  3 deep elf knights
  A vampire mage (Depths:3)
  2 spriggan berserkers
  An orc high priest (Orc:2)
  A soul eater (Depths:3)
  7 skeletal warriors
  A sun demon (Depths:2)
  2 shadow wraiths (Crypt:2)
  A sixfirhy (Depths:3)
  2 iron trolls
  3 pharaoh ants
  A wretched star (Abyss:1)
  27 deep trolls
  2 goliath frogs
  A quicksilver dragon simulacrum (Crypt:1)
  A spriggan druid (Swamp:4)
  A steelbarb worm (Spider:4)
  2 orb spiders
  A tengu zombie (Depths:3)
  3 flayed ghosts
  2 lindwurms (Vaults:3)
  7 orc knights
  2 phantasmal warriors
  3 wizards
  4 ironbound convokers
  2 swamp dragons
  A deep elf pyromancer (D:15)
  A frost giant zombie (Vaults:3)
  3 harpies
  An iron dragon zombie (Crypt:1)
  6 ugly things
  6 wolf spiders
  A will-o-the-wisp (Swamp:3)
  A human zombie (Vaults:3)
  A cyclops (D:12)
  2 moths of wrath
  4 elephants
  A frost giant skeleton (Crypt:1)
  2 torpor snails
  4 vault sentinels
  3 black mambas
  5 cane toads
  A centaur skeleton (D:15)
  4 komodo dragons
  3 yaktaurs
  3 rime drakes
  A kobold demonologist (D:13)
  2 demonic crawlers
  A yaktaur zombie (Vaults:3)
  2 freezing wraiths
  A tengu conjurer (Depths:1)
  A hellwing (Depths:3)
  3 swamp worm zombies (Crypt:1)
  2 meliai
  A purple draconian skeleton (Crypt:2)
  9 tarantellas
  2 polar bears
  3 trolls
  6 tyrant leeches
  10 blink frogs
  A dream sheep (Lair:4)
  8 hornets
  7 slime creatures
  An ice dragon skeleton (Crypt:1)
  2 centaur simulacra
  13 flying skulls (Crypt:3)
  7 jumping spiders
  3 wyverns
  5 wraiths
  9 spriggans
  7 culicivoras
  21 yaks
  3 basilisks
  A chaos spawn (Depths:3)
  A swamp worm simulacrum (Swamp:4)
  17 redbacks
  A warg (Orc:2)
  4 swamp worms
  An acid dragon (Lair:5)
  A glowing shapeshifter zombie (Crypt:2)
  3 hydra simulacra (Swamp:4)
  3 water moccasins
  A demonspawn skeleton (Crypt:1)
  A swamp drake (Lair:5)
  A black bear (D:9)
  6 orc warriors
  An ice beast (D:15)
  2 wolves
  A centaur (D:11)
  An ogre (D:15)
  An elephant skeleton (Crypt:1)
  A phantom (D:10)
  2 bullfrogs (Lair:2)
  A kobold brigand (D:9)
  A draconian zombie (Crypt:1)
  2 wights
  3 killer bees
  2 electric eels (D:10)
  5 orc priests (Orc:2)
  5 orc wizards
  3 hell rats (Lair:4)
  An acid dragon zombie (Crypt:2)
  An ogre zombie (D:10)
  3 adders (D:12)
  3 white imps
  A swamp drake simulacrum (Swamp:4)
  A worm zombie (Crypt:2)
  17 orcs
  A ball python skeleton (Crypt:1)
  A bat (D:12)
  A hobgoblin skeleton (D:10)
  4 kobolds
  5 orc zombies (D:10)
  A butterfly (Lair:5)
524 creatures vanquished.

Vanquished Creatures (others)
  An alligator (Swamp:4)
  A moth of wrath (Zot:2)
  A bloated husk (Swamp:3)
  A tyrant leech (Swamp:4)
  55 battlemagi
  5 ancestors
  8 foxfires (Swamp:3)
  66 fungi
  214 plants
  5 snaplasher vines
  3 starspawn tentacles (Abyss:3)
  3 toadstools (D:4)
363 creatures vanquished.

Grand Total: 2272 creatures vanquished

Notes
Turn   | Place    | Note
-------+----------+-------------------------------------------
     0 | D:1      | FexLirch the Troll Warper began the quest for the Orb.
     0 | D:1      | Reached XP level 1. HP: 19/19 MP: 1/1
   150 | D:1      | You fall into a shaft and drop 1 floor!
   215 | D:1      | Reached XP level 2. HP: 28/28 MP: 2/2
   218 | D:1      | Learned a level 2 spell: Blink
   656 | D:1      | Found a faded altar of an unknown god.
   888 | D:1      | Reached XP level 3. HP: 35/35 MP: 3/3
  1239 | D:2      | Reached skill level 3 in Unarmed Combat
  1932 | D:3      | Learned a level 1 spell: Apportation
  1976 | D:3      | Found a stormy altar of Qazlal.
  1976 | D:3      | Found a burning altar of Makhleb.
  2162 | D:3      | Reached XP level 4. HP: 40/42 MP: 4/4
  2203 | D:3      | Reached skill level 1 in Throwing
  2329 | D:3      | Identified the ring of Suafaa {*Corrode rF+ MP+9 Str+4
                  | Int+8}
  3043 | D:4      | Found Ruceno's Overcharged Wands.
  3047 | D:4      | Noticed a black bear
  3176 | D:4      | Noticed a scorpion
  3183 | D:4      | Killed a scorpion
  3184 | D:4      | Reached skill level 4 in Unarmed Combat
  3184 | D:4      | Reached XP level 5. HP: 50/50 MP: 5/5
  3212 | D:4      | Noticed a phantom
  3223 | D:4      | Killed a phantom
  3286 | D:4      | Reached XP level 6. HP: 59/59 MP: 6/6
  3712 | D:4      | Identified the ring "Zahipn" {Fly rElec rN+}
  4058 | D:5      | Entered Level 5 of the Dungeon
  4064 | D:5      | Reached skill level 5 in Unarmed Combat
  4200 | D:6      | Noticed a shadow
  4221 | D:6      | Killed a shadow
  4222 | D:6      | Reached XP level 7. HP: 25/67 MP: 7/7
  4563 | D:6      | Reached skill level 6 in Unarmed Combat
  4651 | D:6      | Noticed Edmund
  4666 | D:6      | Killed Edmund
  4858 | D:5      | Found a glowing golden altar of the Shining One.
  4858 | D:5      | Found an iron altar of Okawaru.
  4994 | D:5      | Found a blossoming altar of Fedhas.
  5018 | D:5      | Reached XP level 8. HP: 78/78 MP: 8/8
  5370 | D:6      | Reached skill level 7 in Unarmed Combat
  5376 | D:7      | Found Fuublehi's Elemental Accessories.
  5396 | D:7      | Learned a level 5 spell: Manifold Assault
  5437 | D:7      | Noticed a troll
  6098 | D:7      | Found a staircase to the Ecumenical Temple.
  6114 | Temple   | Entered the Ecumenical Temple
  6135 | Temple   | Became a worshipper of Hepliaklqana the Forgotten
  6241 | D:7      | Reached skill level 8 in Unarmed Combat
  6567 | D:8      | Found a shimmering blue altar of Sif Muna.
  6693 | D:8      | Found a hide-covered altar of Uskayaw.
  6724 | D:8      | Reached skill level 5 in Fighting
  6752 | D:8      | Reached XP level 9. HP: 83/87 MP: 9/9
  6868 | D:8      | Reached skill level 5 in Translocations
  7088 | D:8      | Noticed a two-headed ogre
  7104 | D:8      | Killed a two-headed ogre
  7105 | D:8      | Reached skill level 9 in Unarmed Combat
  7313 | D:8      | Reached * piety under Hepliaklqana
  7656 | D:9      | Noticed a troll
  7666 | D:9      | Killed a troll
  7687 | D:9      | Noticed a kobold demonologist
  7700 | D:9      | Killed a kobold demonologist
  7701 | D:9      | Reached skill level 10 in Unarmed Combat
  7765 | D:8      | Gained mutation: Your spells are a little easier to cast,
                  | but a little less powerful. [mutagenic glow]
  7894 | D:9      | Noticed a troll
  7903 | D:9      | Killed a troll
  7904 | D:9      | Reached XP level 10. HP: 88/88 MP: 10/10
  7949 | D:9      | Noticed a soul eater
  7951 | D:9      | Noticed a sun demon
  8064 | D:9      | Noticed a sun demon
  8084 | D:10     | Entered Level 10 of the Dungeon
  8136 | D:9      | Found a staircase to the Lair.
  8164 | D:9      | Found Qusiylau's Weapon Shop.
  8172 | D:10     | Noticed a two-headed ogre
  8186 | D:10     | Killed a two-headed ogre
  8187 | D:10     | Reached skill level 11 in Unarmed Combat
  8341 | D:10     | Reached ** piety under Hepliaklqana
  8360 | D:10     | Remembered your ancestor Shiptu as a battlemage
  8558 | D:11     | Noticed a manticore
  8563 | D:11     | Killed a manticore
  8762 | D:12     | Reached XP level 11. HP: 86/96 MP: 13/13
  9123 | D:10     | Found a staircase to the Orcish Mines.
  9133 | D:10     | Noticed a two-headed ogre
  9517 | D:10     | Found an opulent altar of Gozag.
  9517 | D:10     | Found a shimmering altar of Xom.
  9577 | D:10     | Reached *** piety under Hepliaklqana
  9877 | D:11     | Reached skill level 12 in Unarmed Combat
 10171 | D:12     | Noticed a two-headed ogre
 10305 | D:12     | Killed a two-headed ogre
 10339 | D:11     | Reached skill level 5 in Dodging
 11081 | D:13     | Noticed Sonja
 11086 | D:13     | Killed Sonja
 11153 | D:13     | Noticed a vault guard
 11153 | D:13     | Noticed a deep elf knight
 11224 | D:15     | Entered Level 15 of the Dungeon
 11385 | D:9      | Reached skill level 13 in Unarmed Combat
 11541 | D:9      | Reached XP level 12. HP: 99/107 MP: 14/14
 11570 | D:9      | Found a shadowy altar of Dithmenos.
 11737 | Lair:1   | Entered Level 1 of the Lair of Beasts
 11888 | Lair:1   | Found a broken altar of Ashenzari.
 11979 | Lair:1   | Reached **** piety under Hepliaklqana
 12442 | Lair:1   | Got Fank's Incunabulum of the Summer and Sinister Rituals
 12667 | Lair:2   | Reached skill level 14 in Unarmed Combat
 12723 | Lair:2   | HP: 1/109 [black mamba (15)]
 13027 | Lair:2   | Noticed a catoblepas
 13046 | Lair:2   | Killed a catoblepas
 13162 | Lair:2   | Reached XP level 13. HP: 116/117 MP: 15/15
 13165 | Lair:2   | Got the Anthology of Concussion
 13381 | Lair:2   | Identified the ring "Etugad" {Contam rPois Will+ rCorr
                  | Int+2}
 13465 | Lair:2   | Found a hole to the Spider Nest.
 14017 | Lair:3   | Reached skill level 15 in Unarmed Combat
 14313 | Lair:3   | Reached ***** piety under Hepliaklqana
 14446 | Lair:3   | Found a runed translucent door.
 14447 | Lair:3   | Found a shimmering altar of Xom.
 14447 | Lair:3   | Noticed KevinSullivan's ghost (journeyman DsGl)
 14475 | Lair:3   | Reached skill level 1 in Invocations
 14631 | Lair:3   | Found a staircase to the Swamp.
 15429 | Lair:5   | Entered Level 5 of the Lair of Beasts
 15499 | Lair:4   | You fall into a shaft and drop 1 floor!
 15570 | Lair:5   | Learned a level 5 spell: Summon Forest
 15595 | Lair:4   | Reached XP level 14. HP: 82/126 MP: 10/16
 15719 | Lair:4   | Reached skill level 16 in Unarmed Combat
 15800 | Lair:4   | Noticed Snorg
 15808 | Lair:4   | Killed Snorg
 15910 | Lair:4   | Reached skill level 1 in Summonings
 16338 | Lair:4   | Found a viscous altar of Jiyva.
 16338 | Lair:4   | Found a staircase to the Slime Pits.
 16695 | Lair:5   | Reached skill level 10 in Fighting
 17655 | Orc:1    | Entered Level 1 of the Orcish Mines
 18040 | Orc:2    | Entered Level 2 of the Orcish Mines
 18068 | Orc:2    | Reached ****** piety under Hepliaklqana
 18475 | Orc:2    | Found a staircase to the Elven Halls.
 18637 | Orc:2    | Reached XP level 15. HP: 114/136 MP: 17/17
 18659 | Orc:2    | Found a runed translucent gate.
 18659 | Orc:2    | Found a runed translucent gate.
 18659 | Orc:2    | Found a runed translucent gate.
 18719 | Orc:2    | Reached skill level 17 in Unarmed Combat
 18807 | Orc:1    | Found Jasem's General Store.
 18811 | Orc:1    | Bought a potion of mutation for 96 gold pieces
 18935 | Orc:2    | Noticed mortz's ghost (journeyman KoCj)
 18941 | Orc:2    | Killed mortz's ghost
 18997 | Orc:2    | Found Duvoussa's Armour Boutique.
 18997 | Orc:2    | Found Vasuotia's Armour Shop.
 18998 | Orc:2    | Found Wydymaid's Distillery.
 19001 | Orc:2    | Found Uthredoh's Assorted Antiques.
 19093 | Orc:2    | Bought a +1 hat for 132 gold pieces
 19099 | Orc:2    | Bought a potion of magic for 128 gold pieces
 19099 | Orc:2    | Bought a potion of curing for 48 gold pieces
 19099 | Orc:2    | Bought a potion of heal wounds for 80 gold pieces
 19099 | Orc:2    | Bought a potion of curing for 48 gold pieces
 19099 | Orc:2    | Bought a potion of berserk rage for 80 gold pieces
 19104 | Orc:2    | Bought 2 scrolls labelled RYMAYFRYUKH for 44 gold pieces
 19264 | Swamp:1  | Entered Level 1 of the Swamp
 19451 | Swamp:1  | Reached skill level 5 in Invocations
 19686 | Swamp:1  | Noticed Frances
 19695 | Swamp:1  | Killed Frances
 19845 | Swamp:1  | Identified the +1 chain mail of Circular Logic {rPois rC-
                  | rN+++ Dex-2}
 20140 | Swamp:2  | Reached skill level 10 in Translocations
 21056 | Swamp:3  | Noticed Aizul
 21067 | Swamp:3  | Killed Aizul
 21140 | Swamp:3  | Noticed a fenstrider witch
 21285 | Swamp:4  | Entered Level 4 of the Swamp
 21351 | Swamp:3  | Identified the +6 plate armour "Huxtuidd" {rPois Int+7}
 21373 | Swamp:3  | Noticed a fenstrider witch
 21379 | Swamp:3  | Killed a fenstrider witch
 21582 | Swamp:3  | Noticed a fenstrider witch
 21585 | Swamp:3  | Noticed a fenstrider witch
 21591 | Swamp:3  | Killed a fenstrider witch
 21591 | Swamp:3  | Killed a fenstrider witch
 21591 | Swamp:3  | Noticed a fenstrider witch
 21720 | Swamp:3  | Killed a fenstrider witch
 21725 | Swamp:3  | Found a runed translucent door.
 21787 | Swamp:3  | Identified the +7 arbalest "Laetianac" {flame, Fly}
 21829 | Swamp:3  | Reached XP level 16. HP: 145/145 MP: 5/19
 22042 | Swamp:4  | Noticed a thorn hunter
 22045 | Swamp:4  | Killed a thorn hunter
 22362 | Swamp:3  | Found a snail-covered altar of Cheibriados.
 22387 | Swamp:3  | Reached skill level 18 in Unarmed Combat
 23106 | Swamp:4  | Reached skill level 5 in Summonings
 23499 | Swamp:4  | Reached skill level 10 in Dodging
 23555 | Swamp:4  | Learned a level 6 spell: Dispersal
 23620 | Swamp:4  | Got a decaying rune of Zot
 23797 | Spider:1 | Entered Level 1 of the Spider Nest
 25193 | Spider:2 | You fall into a shaft and drop 1 floor!
 25256 | Spider:3 | Reached XP level 17. HP: 153/153 MP: 13/21
 26259 | Spider:4 | Entered Level 4 of the Spider Nest
 26260 | Spider:4 | Noticed Mlioglotl
 26273 | Spider:4 | Killed Mlioglotl
 26276 | Spider:4 | Noticed Arachne
 26338 | Spider:4 | Reached skill level 19 in Unarmed Combat
 26601 | Spider:4 | Killed Arachne
 27697 | Spider:4 | Got a gossamer rune of Zot
 28018 | Elf:1    | Entered Level 1 of the Elven Halls
 28250 | Elf:1    | Reached XP level 18. HP: 133/163 MP: 5/23
 29242 | D:13     | Found a gate to the Vaults.
 29563 | D:14     | Found a sparkling altar of Nemelex Xobeh.
 30307 | D:14     | Learned a level 4 spell: Passage of Golubria
 30369 | D:15     | Noticed Nessos
 30378 | D:15     | Killed Nessos
 30590 | D:15     | Reached skill level 20 in Unarmed Combat
 30717 | D:15     | Found a staircase to the Depths.
 30962 | D:15     | Noticed Agnes
 30971 | D:15     | Killed Agnes
 31101 | D:15     | Identified Roxanne's Essays on Geology
 31101 | D:15     | Noticed Roxanne
 31207 | D:15     | Found an ornate altar of the Wu Jian Council.
 31594 | Vaults:1 | Entered Level 1 of the Vaults
 31681 | Vaults:1 | Learned a level 3 spell: Portal Projectile
 32105 | Vaults:1 | Reached skill level 5 in Spellcasting
 32381 | Vaults:1 | Reached XP level 19. HP: 123/172 MP: 25/25
 32517 | Vaults:1 | Found Heirimo's Armour Shop.
 33485 | Vaults:2 | Found Tauxkij's Magic Scroll Shoppe.
 33489 | Vaults:2 | Bought a scroll of teleportation for 42 gold pieces
 33489 | Vaults:2 | Bought a scroll of teleportation for 42 gold pieces
 33949 | Vaults:3 | Found Qaheomp's Distillery.
 33953 | Vaults:3 | Bought a potion of curing for 42 gold pieces
 33953 | Vaults:3 | Bought a potion of magic for 112 gold pieces
 33953 | Vaults:3 | Bought a potion of haste for 140 gold pieces
 34498 | Vaults:2 | Reached skill level 21 in Unarmed Combat
 34753 | Vaults:2 | You fall into a shaft and drop 1 floor!
 34922 | Vaults:3 | Found Voekhl Fulisy's Armour Emporium.
 34937 | Vaults:3 | Found Iriggi Xaint's Armour Shoppe.
 35205 | Vaults:1 | Bought +2 shadow dragon scales for 1564 gold pieces
 35338 | Vaults:2 | Identified the +10 great sword of Agekhug {flame, rPois rN+
                  | Str+2}
 35421 | Vaults:2 | Reached skill level 1 in Armour
 35627 | Vaults:3 | Found a staircase to the Crypt.
 35971 | Vaults:3 | Found Tujuve's Antique Armour Emporium.
 36104 | Vaults:3 | Reached XP level 20. HP: 183/183 MP: 3/28
 36314 | Vaults:3 | Bought a potion of brilliance for 56 gold pieces
 36503 | Vaults:3 | Identified the +1 buckler of Bedevilment {SInv}
 37672 | Vaults:4 | Reached skill level 5 in Armour
 38800 | Vaults:4 | Noticed a dread lich
 38805 | Vaults:4 | Killed a dread lich
 38806 | Vaults:4 | Reached XP level 21. HP: 192/192 MP: 14/30
 39240 | Crypt:1  | Entered Level 1 of the Crypt
 40389 | Crypt:2  | Reached skill level 22 in Unarmed Combat
 40820 | Crypt:3  | Entered Level 3 of the Crypt
 41121 | Crypt:3  | Found a basalt altar of Yredelemnul.
 41338 | Crypt:3  | Identified the ring of Zamyd {Ice Fly rPois rCorr}
 41338 | Crypt:3  | Noticed Josephina
 41679 | Depths:1 | Entered Level 1 of the Depths
 41772 | Depths:1 | Found a one-way gate to the infinite horrors of the Abyss.
 41788 | Depths:1 | Found Roifav's Book Boutique.
 41793 | Depths:1 | Found a gateway to Hell.
 42766 | Depths:1 | Found a sacrificial altar of Ru.
 42805 | Depths:2 | Found a shadowy altar of Dithmenos.
 42869 | Depths:2 | Reached skill level 15 in Fighting
 42876 | Depths:2 | Reached XP level 22. HP: 204/204 MP: 7/32
 42943 | Depths:2 | Reached skill level 10 in Armour
 42952 | Depths:2 | Noticed a juggernaut
 42960 | Depths:2 | Killed a juggernaut
 43065 | Depths:2 | Found a one-way gate leading to the halls of Pandemonium.
 43230 | Depths:2 | Noticed a caustic shrike
 43343 | Depths:2 | Killed a caustic shrike
 43969 | Depths:3 | Found a one-way gateway to a ziggurat.
 44010 | Depths:4 | Entered Level 4 of the Depths
 44010 | Depths:4 | Found a blossoming altar of Fedhas.
 44257 | Depths:3 | Found a bloodstained altar of Trog.
 44341 | Depths:4 | Noticed Boris
 44606 | Depths:3 | Noticed a juggernaut
 44614 | Depths:3 | Noticed a juggernaut
 44680 | Depths:3 | Killed a juggernaut
 44693 | Depths:3 | Noticed a juggernaut
 44698 | Depths:3 | Killed a juggernaut
 44729 | Depths:3 | Noticed a caustic shrike
 44735 | Depths:3 | Killed a caustic shrike
 44741 | Depths:3 | Identified the +4 hand axe of Daan {vorpal, rF+ SInv}
 44960 | Depths:4 | Noticed a caustic shrike
 44961 | Depths:4 | Noticed a caustic shrike
 44963 | Depths:4 | Noticed a caustic shrike
 44968 | Depths:4 | Killed a caustic shrike
 44969 | Depths:4 | Reached skill level 5 in Throwing
 44969 | Depths:4 | Reached XP level 23. HP: 194/212 MP: 6/34
 44969 | Depths:4 | Killed a caustic shrike
 44971 | Depths:4 | Noticed a caustic shrike
 44973 | Depths:4 | Killed a caustic shrike
 44983 | Depths:3 | Killed a juggernaut
 45059 | Depths:4 | Killed a caustic shrike
 45397 | Depths:4 | Found a gate to the Realm of Zot.
 45406 | Depths:4 | Reached skill level 23 in Unarmed Combat
 45509 | Depths:4 | Killed Boris
 45631 | Depths:4 | Voluntarily entered the Abyss.
 45673 | Abyss:1  | Found a candlelit altar of Ignis.
 45876 | Abyss:3  | Found a corrupted altar of Lugonu.
 45878 | Abyss:3  | Got an abyssal rune of Zot
 45965 | Depths:4 | Escaped the Abyss
 46046 | Zot:1    | Entered Level 1 of the Realm of Zot
 46500 | Zot:2    | Gained mutation: Your magical capacity is low. (-10% MP)
                  | [mutagenic glow]
 46513 | Zot:2    | Noticed a curse toe
 46527 | Zot:2    | Gained mutation: You are occasionally teleported next to
                  | monsters. [mutagenic glow]
 46528 | Zot:2    | HP: 5/215 [death cob (19)]
 46531 | Zot:2    | HP: 2/215 [death cob (4)]
 46531 | Zot:2    | Killed from afar by a white draconian stormcaller

Illustrated notes

Levels and vault maps discovered:
D:1:      dreamdust_arrival_sigmund_warning, layout_basic,
          shapermc_ecumenical_altar_flowoftime
D:2:      layout_basic, minmay_misc_feat_columns
D:3:      wad_river_or_something, layout_loops_cross,
          nicolae_overflow_two_pavilions, minivault_5, minmay_fountain_box
D:4:      layout_loops_corners, minmay_gold_behind_fungi,
          nicolae_shop_overcharged_wands
D:5:      layout_loops_ring, mainiacjoe_overflow_catwalk_spiral,
          nicolae_overflow_crystal_walls
D:6:      layout_basic, chequers_serial_rivers_micro_b, uniq_edmund
D:7:      layout_basic, minmay_temple_entry_gardened_gates,
          nicolae_elemental_shop, kb_rosetta
D:8:      layout_loops_corners, mainiacjoe_overflow_brackets, tgw_sif
D:9:      layout_rooms, lemuel_doored_altar, due_lair_maze_entry_diamond,
          serial_shops, nicolae_shop_window_shopping, kennysheep_generic_room_9
D:10:     layout_small_grid, gammafunk_temple_overflow_wave, zombieorc2_lemuel,
          serial_bayou, serial_bayou_ford_a, serial_bayou_shore_a,
          serial_bayou_lagoon_a, serial_bayou_crossing, serial_bayou_pond_e
D:11:     layout_roguey
D:12:     old_forge, layout_rooms
D:13:     layout_basic, grunt_vaults_entry_fortified, uniq_sonja
D:14:     layout_cave_pods, lemuel_tele_altar
D:15:     grunt_enter_depths_magical_seal, layout_loops_ring,
          portal_ice_cave_entry_dragon, minivault_24, serial_ice, serial_ice_m,
          serial_ice_e, serial_ice_c, serial_ice_d, serial_ice_h, serial_ice_n,
          serial_ice_o, pdpol_wu_jian_five_deadly_venoms, uniq_roxanne,
          uniq_nessos, uniq_agnes
Temple:   hellmonk_temple_two_chambers
Lair:1:   wad_woods_stonehenge, layout_hall_layers
Lair:2:   nzn_winding_woodlands_medium [nzn_winding_woodlands_5x5_checkerboard,
          nzn_winding_woodlands_5x15_pockets,
          nzn_winding_woodlands_5x5_closed_star,
          nzn_winding_woodlands_hourglass,
          nzn_winding_woodlands_center_pierced_h,
          nzn_winding_woodlands_5x5_perimeter, nzn_winding_woodlands_5x5_cross,
          nzn_winding_woodlands_5x15_eye, nzn_winding_woodlands_5x5_default],
          layout_loops_ring, hellmonk_spider_entry_life_and_decay,
          grunt_forest_large_clearing_hut
Lair:3:   layout_layer_cave, minmay_swamp_entry_worms, ebering_ghost_xom,
          grunt_megastairs_3
Lair:4:   layout_hall_layers, slime_entry_1, grunt_megastairs_5, uniq_snorg
Lair:5:   hangedman_lair_in_review, layout_cave_pods, guppyfry_lair_end_dragon,
          small_statue_intersection, lemuel_fruit_fields
Swamp:1:  layout_basic_swamp, evilmike_swamp_ruin_house_5, swamp_pool1,
          uniq_frances
Swamp:2:  layout_falls_marsh, hangedman_swamp_blocks, swamp_pool2,
          nicolae_swamp_very_dense_foliage
Swamp:3:  layout_falls_marsh, serial_swamp_ruin, evilmike_swamp_ruin_rubble_1,
          hangedman_swamp_ruin_hall, swamp_pool1, lemuel_altar_in_water,
          nzn_swamp_weyward_sisters, uniq_aizul
Swamp:4:  swamp_icy, layout_basic_swamp
Spider:1: layout_chambers
Spider:2: layout_spider_delve
Spider:3: layout_spider_delve
Spider:4: hellmonk_spider_rune_endless_swarm, spiders_nest_spider_trap,
          uniq_mlioglotl, uniq_arachne
Orc:1:    layout_caves, serial_shops, shop, nicolae_orc_lava_room
Orc:2:    st_orc_mages, layout_caves, ebering_ghost_rock_garden,
          statue_in_the_mist_lemuel
Elf:1:    minmay_elf_arrival_summoners, layout_geoelf_octagon, serial_shops,
          nicolae_shop_bloodbath_and_beyond, minmay_elf_demonology,
          grunt_ministairs_15
Vaults:1: nicolae_vaults_mini_display_case, v_rooms_6, v_misc_11,
          st_spiral_rooms, v_misc_29, nicolae_vaults_network_square,
          ontoclasm_vaults_decontamination, nicolae_vaults_three_branches,
          ontoclasm_vaults_loading_screen, v_misc_17, vaults_dpeg_cross,
          layout_vaults_omnicross, serial_shops, shop
Vaults:2: hangedman_vaults_pinch, vaults_room_large_hall,
          ontoclasm_vaults_twist, v_misc_22, st_lattice, vaults_mumra_hexcomb,
          v_misc_15, layout_vaults_omnigrid, serial_shops,
          nicolae_shop_hallway_stairs
Vaults:3: minmay_crypt_entry_vampire_xt, ontoclasm_vaults_ring_small,
          nicolae_vaults_disjoint_gnomons, grunt_vaults_trifunnel,
          vaults_standard_mumra_lines, v_misc_29, special_room_vaults
          [special_room_orc], v_misc_29, v_misc_26, vaults_mumra_chevron,
          nicolae_vaults_theta, nicolae_vaults_little_squares_1,
          layout_vaults_ring, serial_shops, nicolae_shop_hallway_stairs,
          nicolae_shop_waterfront, nicolae_shop_crystal, nicolae_square_shop
Vaults:4: vaults_room_large_hall, nicolae_vaults_little_squares_2,
          nicolae_vaults_little_squares_4, nicolae_vaults_triangles,
          vaults_dpeg_encased_lava, v_rooms_5, v_misc_25, ontoclasm_vaults_chip,
          v_pattern_2, v_misc_10, nicolae_vaults_ninety_degrees, st_more_cells,
          layout_vaults_maze
Crypt:1:  layout_misc_corridors, minivault_5, nicolae_crypt_niches,
          lemuel_dead_fish_pool
Crypt:2:  layout_rooms
Crypt:3:  grunt_crypt_end_deaths_head, uniq_josephina
Depths:1: nicolae_BIG_FREAKIN_CUBE, layout_cave_shapes, abyss_entry_crystal,
          hell_entry, serial_shops, nicolae_shop_trees, minmay_misc_feat_tower,
          nrook_campfire, grunt_decor_fettered, nicolae_ru_path_of_blood
Depths:2: minmay_dotted_concentric_squares, layout_gridlike, hell_entry,
          nicolae_dithmenos_through_a_glass_darkly, grunt_pan_entry_in_and_out
Depths:3: minmay_stepped, layout_twisted_cross, enter_ziggurat_e,
          grunt_pan_entry_sceptre, hell_entry, nrook_mini_backslash,
          abyss_entry, evilmike_spriggan_trog_shrine, minmay_staircase_bubble
Depths:4: grunt_twist_and_shout, layout_cave_shapes, fedhas_altar_1, hell_entry,
          abyss_entry, kennysheep_random_hallway, uniq_boris
Zot:1:    layout_cellular_growth, grunt_megastairs_1
Zot:2:    layout_gridlike

Skill      XL: |  1  2  3  4  5  6  7  8  9 10 11 12 13 14 15 16 17 18 19 20 21 22 23 |
---------------+----------------------------------------------------------------------+-----
Fighting       | 2 3 4 5 6 7 8 9 10 11 12 13 14 15 16 | 16.0
Unarmed Combat | 3 4 5 6 8 10 11 13 14 15 16 17 18 19 20 21 22 23 | 23.1
Throwing       | 1 2 3 4 5 6 |  6.4
Translocations | 3 4 5 6 7 8 9 10 11 12 13 14 | 14.9
Dodging        | 2 4 5 7 8 9 10 11 12 | 12.4
Spellcasting   | 2 4 5 6 7 8 |  8.0
Invocations    | 2 4 6 7 8 9 |  9.2
Summonings     | 3 4 5 |  5.4
Armour         | 2 7 9 11 13 | 13.0

Action                   |  1- 3 |  4- 6 |  7- 9 | 10-12 | 13-15 | 16-18 | 19-21 | 22-24 || total
-------------------------+-------+-------+-------+-------+-------+-------+-------+-------++-------
Melee: Unarmed           |   122 |   152 |   339 |   498 |   991 |  1285 |  1242 |   666 ||  5295
       Punch             |     1 |     1 |    11 |    19 |    28 |     8 |       |       ||    68
Throw: Boomerang         |       |     1 |    19 |    11 |    13 |       |       |       ||    44
       Dart              |       |       |     1 |       |       |       |       |       ||     1
       Large rock        |       |       |       |       |    12 |    23 |    10 |     4 ||    49
 Cast: Blink             |       |       |     7 |    10 |    12 |     9 |     2 |    14 ||    54
       Manifold Assault  |       |       |     5 |    58 |   287 |   543 |   451 |   211 ||  1555
       Apportation       |       |       |       |     1 |    12 |    22 |    12 |    18 ||    65
       Summon Forest     |       |       |       |       |     7 |     9 |     8 |     2 ||    26
       Dispersal         |       |       |       |       |       |     1 |     1 |       ||     2
       Passage of Golubr |       |       |       |       |       |     3 |    11 |     5 ||    19
       Portal Projectile |       |       |       |       |       |       |       |     2 ||     2
Invok: Recall Ancestor   |       |       |     2 |     8 |     6 |     6 |     6 |     9 ||    37
       Ancestor Identity |       |       |     1 |       |       |       |       |       ||     1
       Ancestor Life: Ba |       |       |       |     1 |       |       |       |       ||     1
       Idealise          |       |       |       |       |     2 |     1 |     6 |     6 ||    15
       Transference      |       |       |       |       |       |       |     2 |     2 ||     4
Evoke: Wand              |       |       |     1 |     3 |    16 |     4 |     1 |       ||    25
  Use: Potion            |       |       |     5 |     5 |     6 |     4 |     2 |    25 ||    47
       Scroll            |       |       |       |    25 |    10 |     8 |    12 |    15 ||    70
 Stab: Distracted        |       |       |       |     3 |     4 |     8 |     6 |     5 ||    26
Armor: Robe              |    39 |    63 |    66 |    50 |     7 |       |       |       ||   225
       Acid dragon scale |       |       |    38 |    44 |       |       |       |       ||    82
       Troll leather arm |       |       |       |       |    59 |   103 |     6 |       ||   168
       Shadow dragon sca |       |       |       |       |       |       |   144 |   136 ||   280
       Gold dragon scale |       |       |       |       |       |       |       |    24 ||    24
Dodge: Dodged            |    54 |    86 |   155 |   227 |   184 |   198 |   128 |    89 ||  1121
